 Dungeon Crawl Stone Soup version 0.32-a0-411-g744942f433 (webtiles) character file.

Game seed: 2087888912316011805

214 zenocrate the Covert (level 5, -2/27 HPs)
             Began as a Spriggan Delver on Feb 20, 2024.
             Slain by a black bear (3 damage)
             ... on level 3 of the Dungeon.
             The game lasted 00:01:13 (354 turns).

zenocrate the Covert (Spriggan Delver)               Turns: 354, Time: 00:01:14

Health: -2/27      AC:  2    Str:  8    XL:     5   Next: 59%
Magic:  6/6        EV: 20    Int: 11    God:
Gold:   42         SH:  0    Dex: 19    Spells: 4/4 levels left

rFire   . . .        b - +0 rapier
rCold   . . .        (no shield)
rNeg    . . .        i - +0 robe
rPois   .            (helmet restricted)
rElec   .            (no cloak)
rCorr   .            (gloves unavailable)
SInv    +            (boots unavailable)
Will    .....        (no amulet)
Stlth   ++++         (no ring)
HPRegen 0.24/turn    (no ring)
MPRegen 0.10/turn

%: no passive effects
@: very quick
A: very small, no large weapons, unfitting armour, see invisible, speed 3
a: no special abilities


You were on level 3 of the Dungeon.
You visited 2 branches of the dungeon, and saw 4 of its levels.

You collected 42 gold pieces.

Inventory:

Hand Weapons
 a - a +0 short sword
 b - a +0 rapier (weapon)
Armour
 i - a +0 robe (worn)
Wands
 g - a wand of digging (3)
Scrolls
 c - a scroll of fog
 d - a scroll of revelation
 e - a scroll of fear
 h - a scroll of noise {unknown}
Potions
 f - a potion of haste


   Skills:
 + Level 2.5 Fighting
 + Level 4.1 Short Blades
 + Level 4.9 Dodging
 + Level 8.8 Stealth


You had 4 spell levels left.
You didn't know any spells.
Your spell library was empty.

Dungeon Overview and Level Annotations

Branches:
Dungeon (5/15)             Temple (1/1) D:4

Altars:
Ashenzari
Gozag
Hepliaklqana
Kikubaaqudgha
Ru
Vehumet
Wu Jian
Yredelemnul
Zin
The Shining One

Annotations:
D:4 Duvessa


Innate Abilities, Weirdness & Mutations

You are very small and have problems with some larger weapons.
You are too small for most types of armour.
You have supernaturally acute eyesight. (SInv)
You cover ground extremely quickly. (Speed+++)


Message History

You hit the black bear.
The black bear is heavily wounded.
The black bear misses you. The black bear closely misses you.
The black bear completely misses you.
You hit the black bear but do no damage.
The black bear is heavily wounded.
The black bear barely misses you. The black bear misses you.
The black bear completely misses you.
Unknown command.
You hit the black bear.
The black bear is heavily wounded.
The black bear bites you.
The black bear claws you but does no damage.
The black bear closely misses you.
You puncture the black bear!
The black bear is almost dead.
The black bear goes berserk!
Unknown command.
Okay, then.
Okay, then.
A bat comes into view.
You barely miss the black bear.
The black bear is severely wounded.
The black bear misses you. The black bear claws you!
The black bear closely misses you.
Unknown command.
You closely miss the black bear.
The black bear is severely wounded.
The black bear closely misses you. The black bear claws you!
* * * LOW HITPOINT WARNING * * *
The black bear closely misses you. The black bear misses you.
The black bear completely misses you. The black bear misses you.
Unknown command.
Unknown command.
You puncture the black bear!
The black bear is almost dead.
The black bear misses you. The black bear claws you.
* * * LOW HITPOINT WARNING * * *
The black bear claws you.
You die...

## .# .#
##### .#
#...##.##
###..@..#
#....h..###
###>......#
#.........#
#..#..#.#.#
#..#.##.# #
#..... .
......b .
.....##.


You could see a black bear (berserk).

Vanquished Creatures
  A scorpion (D:4)
  Blork the orc (D:4)
  A bombardier beetle (D:5)
  A hound (D:4)
  A jelly (D:4)
  A ball python (D:4)
6 creatures vanquished.

Notes
Turn   | Place    | Note
-------+----------+-------------------------------------------
     0 | D:5      | zenocrate the Spriggan Delver began the quest for the Orb.
     0 | D:5      | Reached XP level 1. HP: 11/11 MP: 2/2
     7 | D:5      | Found a glowing silver altar of Zin.
    13 | D:5      | Noticed an angel
    34 | D:5      | Noticed a jelly
    35 | D:5      | Noticed an iguana
    45 | D:5      | Noticed an iguana
    54 | D:5      | Noticed a centaur
    91 | D:5      | Noticed a bombardier beetle
    97 | D:5      | Killed a bombardier beetle
    98 | D:5      | Reached XP level 2. HP: 16/16 MP: 3/3
    98 | D:5      | Reached XP level 3. HP: 19/19 MP: 4/4
   103 | D:4      | Noticed Blork the orc
   103 | D:4      | Noticed a black bear
   104 | D:4      | Found a staircase to the Ecumenical Temple.
   109 | D:4      | Killed Blork the orc
   110 | D:4      | Reached skill level 8 in Stealth
   110 | D:4      | Reached XP level 4. HP: 17/23 MP: 5/5
   112 | D:4      | Noticed Duvessa
   210 | D:4      | Noticed a scorpion
   217 | D:4      | Killed a scorpion
   218 | D:4      | Reached XP level 5. HP: 27/27 MP: 6/6
   266 | Temple   | Entered the Ecumenical Temple
   354 | D:3      | HP: 1/27 [black bear (1)]
   354 | D:3      | Slain by a black bear

Illustrated notes

Levels and vault maps discovered:
D:3:      layout_loops_cross, shapermc_ecumenical_altar_mp_highgroup,
          gup_sewer_entry_bubbles, minmay_randomly_rotated_circles, uniq_natasha
D:4:      layout_layer_cave, minmay_temple_entry_mist, serial_forest,
          infiniplex_forest_lined_room_2, infiniplex_forest_straight_2,
          infiniplex_forest_end_2, infiniplex_forest_split,
          infiniplex_forest_lined_3_way, infiniplex_forest_end_1,
          infiniplex_forest_zigzag_1, infiniplex_forest_straight_3,
          nicolae_twisty_statue_hallways, uniq_blork_the_orc, uniq_duvessa,
          uniq_robin
D:5:      layout_rooms, grunt_temple_overflow_order_and_chaos_1
Temple:   hellmonk_temple_forest_ring

Skill      XL: |  1  2  3  4 |
---------------+-------------+-----
Dodging        | 3 4 |  4.9
Short Blades   | 3 4 |  4.1
Stealth        | 8 |  8.8
Fighting       | |  2.5

Action                     |  1- 3 |  4- 6 || total
---------------------------+-------+-------++-------
  Melee: Short sword       |     5 |     1 ||     6
         Rapier            |       |    12 ||    12
   Stab: Sleeping          |     2 |     4 ||     6
 Armour: Robe              |     1 |    13 ||    14
  Dodge: Dodged            |     2 |    22 ||    24

Table legend: (Time is in decaauts)
 A = Elapsed time spent in this place.
 B = Non-inter-level travel time spent in this place.
 C = Inter-level travel time spent in this place.
 D = Time resting spent in this place.
 E = Time spent auto-exploring this place.
 F = Levels seen in this place.
 G = Mean time per level.
                   A        B        C        D        E       F      G
               +--------+--------+--------+--------+--------+-----+--------+
         Total |    231 |    231 |      0 |      0 |     75 |   4 |   57.8 |
       Dungeon |    229 |    229 |      0 |      0 |     75 |   3 |   76.3 |
        Temple |      1 |      1 |      0 |      0 |      0 |   1 |    1.0 |
               +--------+--------+--------+--------+--------+-----+--------+

Top non-repeatable levels by time:
     D:4: 157 daAuts
     D:5: 64 daAuts
     D:3: 8 daAuts
  Temple: 1 daAuts
